Map: Acropolis LE

Players

Maxilicious

  • Race: Terran Terran
  • Spawn Location: 5:00

A.I. 1 (Very Easy) - Winner!

  • Race: Protoss Protoss
  • Spawn Location: 11:00

VOD

Have the link to the VOD?

Description

Time

  • Played on: Sept. 30, 2019, 8:07 a.m.
  • Length: 6:34
Show
View Real Time Build Order
Export as new Build Order

Maxilicious Terran 

Build Orders: Reaper Expand 

Get SALT Encoding   

  12  0:00  SCV  
  13  0:13  SCV  
  14  0:17  Supply Depot  
  14  0:25  SCV  
  15  0:38  SCV  
  15  0:40  Barracks  
  16  0:45  Refinery  
  16  0:50  SCV  
  17  1:02  SCV  
  18  1:15  SCV  
  19  1:27  Orbital Command  
  19  1:28  Reaper  
  20  1:43  Command Center  
  20  1:53  SCV  
  21  1:57  Supply Depot  
  21  2:00  Marine  
  22  2:09  SCV  
  22  2:13  Bunker  
  23  2:18  Factory  
  24  2:22  SCV  
  24  2:24  Barracks Reactor  
  24  2:32  Refinery  
  24  2:35  SCV  
  25  2:47  SCV  
  26  2:55  Orbital Command  
  26  2:59  SCV  
  26  3:00  Marine x2  
  26  3:02  Starport  
  26  3:04  Factory Tech Lab  
  29  3:11  SCV  
  30  3:18  Marine x2  
  32  3:23  Cyclone  
  32  3:26  SCV  
  36  3:27  SCV  
  37  3:40  Barracks  
  37  3:41  Viking  
  39  3:43  SCV  
  39  3:44  SCV  
  41  3:48  Supply Depot  
  41  3:55  Engineering Bay  
  41  3:57  SCV x2  
  43  4:05  Factory Tech Lab  
  43  4:13  Refinery, SCV x2  
  45  4:17  Supply Depot  
  45  4:23  Raven, Marine x2  
  49  4:32  SCV  
  49  4:33  Barracks, SCV  
  49  4:38  Supply Depot  
  51  4:44  Marine x3  
  51  4:45  SCV  
  55  4:46  SCV  
  55  4:49  Stimpack  
  55  4:51  Supply Depot  
  56  4:57  SCV  
  56  4:58  SCV  
  58  5:03  Marine x3  
  61  5:09  SCV  
  61  5:10  Factory Reactor, SCV  
  61  5:13  Supply Depot  
  63  5:15  Starport Reactor  
  63  5:21  SCV  
  64  5:22  SCV, Marine x2  
  64  5:23  Marauder  
  69  5:29  Marauder  
  69  5:30  Supply Depot  
  69  5:33  SCV  
  69  5:35  SCV  
  73  5:43  Marine x2  
  73  5:45  SCV  
  73  5:46  Supply Depot  
  73  5:47  SCV  
  73  5:48  Widow Mine x2  
  73  5:49  Marauder  
  83  5:53  Medivac x2  
  83  5:55  Marine  
  88  5:58  SCV  
  89  6:10  SCV x2  
  91  6:12  Refinery  
  91  6:15  Command Center  
  91  6:24  Barracks  
  96  6:26  Barracks  
  102  6:33  Supply Depot  
Show
View Real Time Build Order
Export as new Build Order

A.I. 1 (Very Easy) Protoss - Winner!

Build Orders:  

Get SALT Encoding   

  12  0:00  Probe  
  13  0:13  Probe  
  14  0:19  Pylon  
  14  0:37  Assimilator  
  14  0:43  Gateway  
  14  0:45  Pylon  
  14  1:14  Assimilator  
  14  1:17  Probe  
  15  1:25  Probe  
  16  1:33  Cybernetics Core  
  16  1:34  Probe  
  17  1:44  Probe  
  18  1:56  Probe  
  18  1:59  Warp Gate  
  19  2:04  Probe  
  20  2:11  Stalker  
  22  5:41  Zealot  
  24  5:43  Pylon, Probe  
  24  5:44  Robotics Facility  
  25  5:52  Probe  
  26  6:00  Probe  
  27  6:09  Probe  
  27  6:17  Probe  
  27  6:18  Pylon  
Tags
 
Add a new tag
Caveats
  • Supply blocks, unpowered buildings, or Contaminate may cause inaccurate times.
  • Supply counts are checked every 10 seconds.